 Dungeon Crawl Stone Soup version 0.24.0-125-gc4c63601f3 (webtiles) character file.

Game seed: 4299807442239414983, levelgen mode: deterministic

5745 Frank2 the Basher (level 10, -3/77 HPs)
             Began as a Demonspawn Gladiator on Mar 12, 2020.
             Was a Follower of Ashenzari.
             Splashed by an orc warrior's acid (13 damage)
             ... on level 8 of the Dungeon.
             The game lasted 00:18:18 (8439 turns).

Frank2 the Basher (Demonspawn Gladiator)            Turns: 8439, Time: 00:18:19

Health: -3/77      AC:  7    Str: 14    XL:     10   Next: 49%
Magic:  14/14      EV: 16    Int: 11    God:    Ashenzari [*.....]
Gold:   581        SH:  0    Dex: 19    Spells: 9/9 levels left

rFire    . . .     SeeInvis .   a - +2 flail
rCold    . . .     Gourm    .   (no shield)
rNeg     . . .     Faith    .   u - +2 troll leather armour {Purgy}
rPois    .         Spirit   .   c - +0 helmet
rElec    .         Reflect  .   (no cloak)
rCorr    .         Harm     .   (no gloves)
MR       .....                  (no boots)
Stlth    +.........             (no amulet)
HPRegen  0.62/turn              (no ring)
MPRegen  0.14/turn              (no ring)

@: corroded
A: hooves 2, icy blue scales 2, agile 1, demonic guardian 1
a: Curse Item, Scrying, Renounce Religion


You were on level 8 of the Dungeon.
You worshipped Ashenzari.
Ashenzari was aware of your devotion.
You were not hungry.

You visited 2 branches of the dungeon, and saw 9 of its levels.
You also visited: Sewer and Bailey.

You collected 828 gold pieces.
You spent 247 gold pieces at shops.

Inventory:

Hand Weapons
 a - a +2 flail (weapon)
Missiles
 l - a throwing net (quivered)
Armour
 c - a +0 helmet (worn)
 g - a +0 ring mail
 u - a +2 troll leather armour (worn) {Purgy}
Jewellery
 m - an uncursed ring of see invisible
 p - a +1 ring of evasion
 s - an uncursed amulet of rage
Wands
 b - a wand of flame (17)
 i - a wand of acid (5)
 n - a wand of random effects (27)
 q - a wand of polymorph (7)
 v - a wand of clouds (5)
Scrolls
 d - 2 scrolls of teleportation
 o - 5 scrolls of identify
 t - a scroll of remove curse
 y - a scroll of fog {unknown}
Potions
 e - 3 potions of curing
 h - a potion of agility
 j - 2 potions of haste
 k - a potion of mutation
 r - 3 potions of heal wounds
 z - a potion of berserk rage
 A - a potion of might
Miscellaneous
 w - a lamp of fire (inert)
 x - a sack of spiders
Comestibles
 f - 11 rations
 B - 5 chunks of flesh


   Skills:
 + Level 6.6 Fighting
 + Level 10.0 Maces & Flails
 - Level 1.7 Throwing
 + Level 4.4 Armour
 + Level 5.9 Dodging
 * Level 6.2 Evocations


You had 9 spell levels left.
You didn't know any spells.
Your spell library contained the following spells:

 Spells                   Type           Power        Failure   Level  Hunger
 Beastly Appendage        Tmut           #.....       41%         1    ##.....
 Magic Dart               Conj           #...         41%         1    ##.....
 Blink                    Tloc           N/A          54%         2    ###....
 Call Imp                 Summ           #.......     54%         2    ###....
 Slow                     Hex            #.......     54%         2    ###....
 Sticks to Snakes         Tmut           #.......     54%         2    ###....
 Conjure Flame            Conj/Fire      #.......     78%         3    ####...
 Gell's Gravitas          Tloc           #.........   78%         3    ####...
 Mephitic Cloud           Conj/Pois/Air  #.......     78%         3    ####...
 Portal Projectile        Hex/Tloc       #.....       78%         3    ####...
 Spider Form              Tmut/Pois      #.........   78%         3    ####...
 Force Lance              Conj/Tloc      #.......     99%         4    #####..
 Ice Form                 Ice/Tmut       #.......     99%         4    #####..
 Blade Hands              Tmut           #.........   100%        5    ######.
 Bolt of Magma            Conj/Fire/Erth #.........   100%        5    ######.
 Iskenderun's Battlesphe  Conj/Chrm      #.......     100%        5    ######.
 Venom Bolt               Conj/Pois      #.........   100%        5    ######.
 Dispersal                Tloc           #.........   100%        6    #######
 Iron Shot                Conj/Erth      #.........   100%        6    #######
 Orb of Destruction       Conj           #.........   100%        7    #######
 Spellforged Servitor     Conj/Summ      #.........   100%        7    #######
 Controlled Blink         Tloc           N/A          100%        8    #######
 Disjunction              Tloc           #.........   100%        8    #######


Dungeon Overview and Level Annotations

Branches:
Dungeon (8/15)             Temple (1/1) D:5           Sewer (visited)
 Bailey (visited)
   Lair: D:8-11

Altars:
Ashenzari
Cheibriados
Dithmenos
Fedhas
Hepliaklqana
Kikubaaqudgha
Makhleb
Okawaru
Ru
Vehumet
Xom
Yredelemnul
Beogh

Shops:
D:8 !

Annotations:
D:6 3 runed translucent doors, flt's ghost, novice GnSk
D:8 Pikel


Innate Abilities, Weirdness & Mutations

You have hoof-like feet.
You are mostly covered in icy blue scales. (AC +3)
A weak demonic guardian rushes to your aid.
You are agile. (Dex +2)


Message History

A wyvern zombie comes into view.
Your quasit closely misses the howler monkey.
Your quasit claws the howler monkey. x2
The howler monkey hits you but does no damage.
The howler monkey barely misses your quasit. x2
You hit the howler monkey.
You kill the howler monkey!
Your quasit bites the howler monkey.
Your quasit claws the howler monkey.
The howler monkey dies!
Pikel the Slaver comes into view.
He is wielding a +2 whip of freezing and wearing a +2 robe of resistance.
The orc warrior hits you with a +0 battleaxe!!
* * * LOW HITPOINT WARNING * * *
The howler monkey misses your quasit.
Your quasit bites the orc.
Your quasit barely misses the orc. x2
You see here a howler monkey corpse.
You are no longer corroded.
The orc warrior zaps a wand.
The bolt of acid hits you!
* * * LOW HITPOINT WARNING * * *
The acid corrodes you!
You are splashed with acid!
You die...

#.# #.# #(# #.#
#(# #.# #(# #.#
#)## #.# ##).#
#.# ###.###.#.##
#.# .o.........#
#.# ###.###....#
#@# .. ##.#.# #.#
#K. # #...### #.#
#...#...#...###.#
.....h#####.o.o.#
....#.5o#o.p#####
....Z...#o###
..#####h.## ####


You could see an orc warrior.

Vanquished Creatures
  Harold (D:7)
  A two-headed ogre (D:7)
  Psyche (D:7)
  A troll (D:7)
  Sigmund (D:2)
  Grum (D:8)
  Purgy (Sewer)
  4 orc warriors
  A sky beast (D:5)
  2 ice beasts (D:7)
  2 phantoms
  3 slaves (D:8)
  4 ogres
  3 wolves (D:8)
  A centaur (D:6)
  A big kobold (D:8)
  4 bullfrogs
  2 scorpions (D:4)
  3 killer bees (D:8)
  5 wights (D:7)
  2 howler monkeys
  2 electric eels (D:6)
  2 crimson imps
  2 bullfrog zombies
  A centaur zombie (D:7)
  6 hounds
  4 orc wizards
  2 bullfrog skeletons
  2 iguanas (D:5)
  Natasha (thrice) (D:2)
  6 worker ants
  A hound skeleton (D:6)
  7 adders
  A gnoll (Bailey)
  2 shadow imps (D:7)
  2 adder skeletons
  6 worms
  A dart slug (D:1)
  4 leopard geckos
  12 orcs
  3 giant cockroaches
  6 goblins
  A hobgoblin (D:2)
  8 jackals
  21 kobolds
  2 quokkas
  A ball python (D:2)
  7 bats
  2 frilled lizards (D:2)
  7 rats
  A spectral orc (D:3)
169 creatures vanquished.

Vanquished Creatures (collateral kills)
  Eustachio (D:5)
  A sky beast (D:7)
  A killer bee (D:8)
  A howler monkey (D:8)
  An orc priest (D:6)
  A worker ant (D:6)
  A gnoll (Bailey)
  An orc (D:4)
  A jackal (D:6)
  A kobold (D:8)
10 creatures vanquished.

Vanquished Creatures (others)
  5 dream sheep (D:3)
  2 orcs (D:6)
7 creatures vanquished.

Grand Total: 186 creatures vanquished

Notes
Turn   | Place    | Note
-------+----------+-------------------------------------------
     0 | D:1      | Frank2 the Demonspawn Gladiator began the quest for the
                  | Orb.
     0 | D:1      | Reached XP level 1. HP: 16/16 MP: 1/1
   217 | D:1      | Reached skill level 3 in Maces & Flails
   217 | D:1      | Gained mutation: You have large cloven feet. [demonic
                  | ancestry]
   217 | D:1      | Reached XP level 2. HP: 19/22 MP: 2/2
   807 | D:2      | Found a faded altar of an unknown god.
  1061 | D:2      | Noticed Natasha
  1080 | D:2      | Killed Natasha
  1080 | D:2      | Reached XP level 3. HP: 23/27 MP: 3/3
  1164 | D:2      | Gained mutation: You are partially covered in icy blue
                  | scales. (AC +2) [demonic ancestry]
  1164 | D:2      | Reached XP level 4. HP: 8/34 MP: 4/4
  1433 | D:2      | Noticed Sigmund
  1456 | D:2      | Killed Sigmund
  1456 | D:2      | Reached skill level 4 in Maces & Flails
  1456 | D:2      | Reached skill level 1 in Armour
  1456 | D:2      | Reached XP level 5. HP: 29/40 MP: 5/5
  1533 | D:2      | Found a shadowy altar of Dithmenos.
  1655 | D:2      | Found a snail-covered altar of Cheibriados.
  1656 | D:2      | Noticed Natasha
  1662 | D:2      | Killed Natasha
  1763 | D:2      | Noticed Natasha
  1766 | D:2      | Killed Natasha
  1766 | D:2      | Reached XP level 6. HP: 47/47 MP: 6/6
  1895 | D:3      | Found a blossoming altar of Fedhas.
  1896 | D:3      | Found an ancient bone altar of Kikubaaqudgha.
  1956 | D:3      | Found a transporter.
  2067 | D:3      | Found a transporter.
  2082 | D:3      | Found a burning altar of Makhleb.
  2180 | D:3      | Found an iron altar of Okawaru.
  2208 | D:3      | Found a basalt altar of Yredelemnul.
  2363 | D:3      | Found a glowing drain.
  2414 | Sewer    | Entered a sewer
  2540 | Sewer    | Noticed Purgy
  2564 | Sewer    | Killed Purgy
  2564 | Sewer    | Reached skill level 5 in Maces & Flails
  2766 | D:3      | Noticed a dream sheep
  2766 | D:3      | Noticed a dream sheep
  2766 | D:3      | Noticed a dream sheep
  2766 | D:3      | Noticed a dream sheep
  2766 | D:3      | Noticed a dream sheep
  2766 | D:3      | Found a shimmering altar of Xom.
  2769 | D:3      | Killed a dream sheep
  2771 | D:3      | Killed a dream sheep
  2771 | D:3      | Killed a dream sheep
  2771 | D:3      | Killed a dream sheep
  2771 | D:3      | Killed a dream sheep
  2957 | D:3      | Gained mutation: You are mostly covered in icy blue scales.
                  | (AC +3) [potion of mutation]
  2957 | D:3      | Gained mutation: You are agile. (Dex +2) [potion of
                  | mutation]
  3049 | D:4      | Found a radiant altar of Vehumet.
  3172 | D:4      | Gained mutation: A weak demonic guardian rushes to your
                  | aid. [demonic ancestry]
  3172 | D:4      | Reached XP level 7. HP: 51/52 MP: 7/7
  3651 | D:5      | Entered Level 5 of the Dungeon
  3665 | D:5      | Reached skill level 6 in Maces & Flails
  3969 | D:5      | Noticed Eustachio
  3985 | D:5      | Killed Eustachio
  3985 | D:5      | Reached skill level 1 in Evocations
  4011 | D:5      | Found a staircase to the Ecumenical Temple.
  4024 | Temple   | Entered the Ecumenical Temple
  4069 | Temple   | Became a worshipper of Ashenzari the Shackled
  4121 | D:5      | Gained mutation: You have hoof-like feet. [demonic
                  | ancestry]
  4121 | D:5      | Reached XP level 8. HP: 42/60 MP: 7/9
  4675 | D:5      | Found a sacrificial altar of Ru.
  4851 | D:6      | Reached skill level 7 in Maces & Flails
  5573 | D:6      | Reached XP level 9. HP: 22/67 MP: 11/11
  5700 | D:6      | Found a runed translucent gate.
  5700 | D:6      | Noticed flt's ghost (novice GnSk)
  5701 | D:6      | Found a runed translucent gate.
  5702 | D:6      | Found a runed translucent gate.
  5702 | D:6      | Identified the +5 trident of Harusm {pierce, MR++ Int+3
                  | Stlth+}
  5708 | D:6      | Found a roughly hewn altar of Beogh.
  6609 | D:7      | Reached skill level 8 in Maces & Flails
  6629 | D:7      | Reached skill level 5 in Fighting
  6640 | D:7      | Reached skill level 5 in Dodging
  6742 | D:7      | Reached * piety under Ashenzari
  6808 | D:7      | Noticed a two-headed ogre
  6810 | D:7      | Found a flagged portal.
  6823 | D:7      | Killed a two-headed ogre
  6916 | Bailey   | Entered a bailey
  7009 | Bailey   | Reached skill level 9 in Maces & Flails
  7077 | Bailey   | Found a burning altar of Makhleb.
  7516 | D:7      | Reached skill level 5 in Evocations
  7842 | D:7      | Noticed Harold
  7847 | D:7      | Noticed a troll
  7849 | D:7      | Killed a troll
  7849 | D:7      | Mutation became permanent: You are partially covered in icy
                  | blue scales. (AC +2) [demonic ancestry]
  7849 | D:7      | Gained mutation: You are mostly covered in icy blue scales.
                  | (AC +3) [demonic ancestry]
  7849 | D:7      | Reached XP level 10. HP: 76/76 MP: 12/14
  7860 | D:7      | Killed Harold
  8088 | D:8      | Noticed Psyche
  8112 | D:7      | Killed Psyche
  8164 | D:8      | Found Naemuel's Distillery.
  8166 | D:8      | Noticed Grum
  8188 | D:8      | Killed Grum
  8240 | D:8      | Bought a potion of berserk rage for 65 gold pieces
  8240 | D:8      | Bought a potion of might for 52 gold pieces
  8240 | D:8      | Bought 2 potions of heal wounds for 130 gold pieces
  8315 | D:8      | Reached skill level 10 in Maces & Flails
  8429 | D:8      | Noticed Pikel
  8439 | D:8      | Splashed by an orc warrior's acid

Levels and vault maps discovered:
D:1:      dpeg_arrival_circle_labyrinth_c, layout_rooms
D:2:      layout_basic, old_standard_altar, chequers_ecumenical_altar_lobes,
          grunt_dithmenos_smoke, uniq_sigmund, uniq_natasha
D:3:      gammafunk_wand_slinger, layout_loops_ring,
          grunt_temple_overflow_growth_and_decay, lemuel_doored_altar,
          yredelemnul_forgotten_temple_becter, nicolae_overflow_crystal_walls,
          cheibrodos_sewer_entry_bend, kb_xom_exploding_sheep
D:4:      layout_basic, vehumet_altar_wand_db
D:5:      minmay_octagon_keep, layout_basic, nicolae_overflow_hidden_temple,
          temple_fountains, first_ration, uniq_eustachio
D:6:      layout_loops_ring, biasface_ghost_orc_armoury, chequers_big_river
D:7:      layout_basic, enter_bailey_8, uniq_harold
D:8:      layout_loops_ring, eat_drink_and_be_merry_uskayaw, serial_shops, shop,
          grunt_ministairs_4, uniq_psyche, uniq_grum, uniq_prince_ribbit1,
          uniq_pikel
Temple:   hc_temple_tempest_star

Skill      XL: |  1  2  3  4  5  6  7  8  9 10 |
---------------+-------------------------------+-----
Maces & Flails | 3 4 5 6 7 9 10 | 10.0
Dodging        | 3 4 5 |  5.9
Armour         | 1 2 3 4 |  4.4
Fighting       | 3 4 6 |  6.6
Evocations     | 1 3 5 6 |  6.2
Throwing       | |  1.7

Action                   |  1- 3 |  4- 6 |  7- 9 | 10-12 || total
-------------------------+-------+-------+-------+-------++-------
Melee: Flail             |    86 |   158 |   327 |   102 ||   673
       Kick              |    17 |    57 |   115 |    37 ||   226
Throw: Throwing net      |     5 |     5 |     4 |     1 ||    15
Evoke: Wand              |       |       |    21 |     1 ||    22
       Lamp of fire      |       |       |       |     1 ||     1
  Use: Scroll            |     3 |    11 |     6 |       ||    20
       Potion            |     1 |     2 |     1 |       ||     4
 Stab: Held in net/web   |     3 |       |     3 |     1 ||     7
       Distracted        |       |       |     2 |       ||     2
       Sleeping          |       |       |     1 |       ||     1
  Eat: Chunk             |       |     7 |     9 |     2 ||    18
       Ration            |       |       |     2 |       ||     2
Armor: Leather armour    |    19 |     1 |       |       ||    20
       Ring mail         |       |    55 |       |       ||    55
       Troll leather arm |       |     6 |    89 |    25 ||   120
Dodge: Dodged            |    77 |   139 |   216 |   101 ||   533
